Map: 이터널 엠파이어 - 래더

Players

Zest

  • Race: Protoss Protoss
  • League: Master
  • Spawn Location: 7:00

Stats - Winner!

  • Race: Protoss Protoss
  • League: Master
  • Spawn Location: 1:00

Event: War Chest Team League

VOD

Have the link to the VOD?

Description

Time

  • Played on: Aug. 14, 2020, 6:19 a.m.
  • Length: 14:40
Show
View Real Time Build Order
Export as new Build Order

Zest Protoss 

Build Orders: Oracle Opening 

Get SALT Encoding   

  12  0:00  Probe  
  13  0:12  Probe  
  14  0:17  Pylon  
  14  0:24  Probe (Chrono Boost)  
  15  0:36  Probe (Chrono Boost)  
  15  0:37  Gateway  
  16  0:44  Probe (Chrono Boost)  
  16  0:46  Assimilator  
  17  0:51  Probe  
  17  0:55  Assimilator  
  18  1:03  Probe (Chrono Boost)  
  19  1:07  Gateway  
  19  1:13  Probe (Chrono Boost)  
  19  1:18  Probe (Chrono Boost)  
  20  1:24  Cybernetics Core  
  21  1:29  Probe  
  22  1:37  Pylon  
  22  1:41  Probe  
  23  2:00  Stargate  
  24  2:02  Stalker  
  24  2:06  Warp Gate (Chrono Boost)  
  25  2:11  Stalker  
  27  2:20  Pylon  
  27  2:41  Oracle (Chrono Boost)  
  30  2:55  Nexus  
  30  2:58  Probe  
  29  3:13  Probe  
  30  3:20  Twilight Council  
  30  3:25  Probe  
  31  3:30  Shield Battery  
  31  3:35  Gateway  
  31  3:37  Probe  
  32  3:53  Pylon  
  32  4:00  Blink (Chrono Boost)  
  32  4:06  Probe  
  32  4:07  Stalker x2  
  37  4:13  Pylon  
  37  4:36  Stalker x3  
  43  4:42  Pylon  
  43  4:44  Probe  
  44  4:56  Probe  
  45  5:08  Probe  
  46  5:17  Nexus  
  46  5:20  Probe  
  47  5:21  Sentry x3  
  47  5:25  Pylon  
  53  5:33  Probe (Chrono Boost)  
  54  5:41  Phoenix  
  54  5:45  Probe (Chrono Boost)  
  55  5:51  Nexus  
  55  5:52  Probe (Chrono Boost)  
  56  6:03  Probe  
  57  6:09  Forge  
  57  6:15  Probe  
  58  6:21  Pylon  
  58  6:27  Probe (Chrono Boost)  
  58  6:30  Phoenix, Probe (Chrono Boost)  
  60  6:39  Probe (Chrono Boost)  
  62  6:40  Protoss Ground Weapons Level 1 (Chrono Boost)  
  62  6:41  Probe (Chrono Boost)  
  62  6:44  Shield Battery, Probe (Chrono Boost)  
  62  6:45  Probe (Chrono Boost)  
  63  6:53  Shield Battery, Probe  
  65  6:56  Probe  
  65  6:57  Stalker x2  
  70  7:03  Stalker  
  70  7:06  Probe x2  
  74  7:12  Gateway  
  74  7:13  Gateway  
  74  7:31  Stalker x3  
  74  7:32  Photon Cannon  
  80  7:40  Gateway  
  80  7:41  Shield Battery  
  80  7:56  Stalker x3  
  82  8:09  Stalker x2  
  61  8:24  Stalker x3  
  61  8:26  Probe x2  
  53  8:33  Stalker x2  
  55  8:42  Shield Battery  
  55  8:48  Stalker x3  
  61  8:56  Stalker x3  
  61  9:01  Probe x3 (Chrono Boost)  
  61  9:02  Photon Cannon  
  70  9:11  Robotics Facility  
  70  9:13  Probe (Chrono Boost)  
  73  9:19  Probe x2 (Chrono Boost)  
  73  9:22  Probe (Chrono Boost)  
  74  9:26  Probe x2 (Chrono Boost)  
  74  9:28  Probe  
  77  9:31  Sentry  
  77  9:37  Probe  
  81  9:38  Probe  
  81  9:39  Charge (Chrono Boost), Pylon  
  81  9:40  Probe  
  81  9:41  Pylon  
  81  9:42  Phoenix  
  82  9:49  Probe  
  82  9:50  Probe  
  82  9:51  Pylon  
  82  9:52  Probe  
  85  9:55  Pylon  
  85  9:57  Assimilator  
  85  10:00  Assimilator, Observer (Chrono Boost)  
  85  10:01  Probe  
  85  10:02  Probe  
  88  10:11  Probe  
  88  10:13  Probe  
  90  10:14  Probe  
  90  10:19  Assimilator  
  91  10:21  Pylon  
  91  10:22  Assimilator  
  91  10:23  Probe, Protoss Ground Weapons Level 2 (Chrono Boost)  
  91  10:26  Probe x2  
  94  10:28  Gateway  
  94  10:29  Gateway  
  94  10:35  Probe  
  95  10:46  Immortal (Chrono Boost)  
  99  11:04  Robotics Facility  
  99  11:05  Probe x3, Robotics Bay  
  102  11:19  Stalker, Immortal (Chrono Boost)  
  102  11:20  Stalker x5  
  118  11:29  Photon Cannon  
  118  11:31  Shield Battery  
  118  11:32  Pylon  
  118  11:34  Pylon  
  116  11:51  Disruptor (Chrono Boost)  
  116  11:52  Disruptor (Chrono Boost)  
  122  12:02  Stalker x8  
  126  12:19  Disruptor (Chrono Boost)  
  132  12:26  Nexus  
  132  12:29  Pylon, Disruptor (Chrono Boost)  
  132  12:41  Stalker x6  
  147  12:57  Gateway  
  147  13:00  Gateway  
  147  13:02  Disruptor (Chrono Boost)  
  123  13:21  Probe x2  
  125  13:29  Photon Cannon  
  125  13:31  Shield Battery  
  125  13:32  Disruptor  
  128  13:35  Robotics Facility  
  128  13:39  Stalker x6  
  140  13:43  Probe x4  
  139  14:07  Stalker x3  
  139  14:08  Stalker x3  
  108  14:34  Zealot x8  
Show
View Real Time Build Order
Export as new Build Order

Stats Protoss - Winner!

Build Orders:  

Get SALT Encoding   

  12  0:00  Probe  
  13  0:12  Probe  
  14  0:17  Pylon  
  14  0:24  Probe (Chrono Boost)  
  15  0:36  Probe (Chrono Boost)  
  15  0:37  Gateway  
  16  0:44  Probe (Chrono Boost)  
  16  0:46  Assimilator  
  17  0:51  Probe  
  17  0:55  Assimilator  
  18  1:03  Probe (Chrono Boost)  
  19  1:08  Gateway  
  19  1:14  Probe (Chrono Boost)  
  20  1:19  Probe (Chrono Boost)  
  20  1:24  Cybernetics Core  
  21  1:29  Probe  
  22  1:34  Pylon  
  22  1:41  Probe  
  23  1:53  Probe  
  24  1:59  Warp Gate (Chrono Boost)  
  24  2:02  Stalker  
  24  2:04  Stalker  
  28  2:09  Pylon  
  28  2:32  Stalker  
  28  2:34  Stalker  
  32  2:42  Gateway  
  32  2:43  Shield Battery  
  32  3:02  Stalker  
  32  3:04  Stalker  
  34  3:14  Pylon  
  31  3:40  Stalker x2  
  35  3:45  Stalker  
  37  3:58  Nexus  
  37  4:07  Sentry x2  
  37  4:08  Sentry  
  43  4:13  Twilight Council  
  43  4:17  Probe  
  43  4:23  Pylon  
  44  4:26  Phoenix  
  44  4:39  Probe  
  44  4:44  Robotics Facility  
  45  4:51  Probe  
  46  4:56  Blink (Chrono Boost)  
  46  5:03  Probe  
  46  5:06  Immortal (Chrono Boost)  
  47  5:11  Probe  
  48  5:15  Probe  
  48  5:18  Shield Battery  
  48  5:20  Shield Battery  
  49  5:26  Immortal (Chrono Boost)  
  49  5:34  Probe x2  
  55  5:46  Probe x2  
  57  5:51  Observer  
  57  5:52  Pylon  
  57  6:00  Phoenix  
  58  6:04  Stalker  
  58  6:05  Stalker  
  58  6:07  Pylon  
  58  6:08  Pylon  
  58  6:10  Probe x2  
  64  6:18  Immortal (Chrono Boost)  
  64  6:23  Probe  
  64  6:24  Probe  
  70  6:38  Stalker x2  
  70  6:39  Stalker  
  76  6:46  Assimilator  
  76  6:47  Probe x2  
  77  6:48  Observer  
  77  6:54  Warp Prism (Chrono Boost)  
  78  6:59  Probe  
  81  7:10  Stalker  
  81  7:11  Stalker  
  81  7:14  Pylon  
  85  7:16  Pylon  
  85  7:27  Nexus  
  85  7:29  Pylon  
  85  7:39  Observer  
  85  7:43  Forge  
  85  7:46  Stalker x2  
  85  7:47  Stalker  
  91  7:59  Probe x2  
  91  8:09  Stalker  
  91  8:10  Stalker x2  
  91  8:11  Probe  
  94  8:15  Warp Prism  
  94  8:16  Probe, Protoss Ground Weapons Level 1 (Chrono Boost)  
  79  8:23  Probe (Chrono Boost)  
  76  8:28  Probe (Chrono Boost), Observer  
  76  8:32  Assimilator  
  74  8:35  Probe (Chrono Boost)  
  72  8:43  Probe x2 (Chrono Boost)  
  72  8:45  Probe  
  71  8:51  Immortal (Chrono Boost)  
  71  8:54  Gateway  
  75  8:56  Robotics Bay  
  75  8:58  Sentry x2, Stalker  
  81  9:05  Shield Battery, Probe x2  
  83  9:10  Probe  
  83  9:14  Gateway  
  84  9:18  Gateway  
  84  9:23  Stalker x2  
  88  9:27  Stalker  
  88  9:31  Probe x3  
  93  9:32  Observer  
  93  9:37  Assimilator  
  93  9:38  Gravitic Boosters  
  93  9:39  Assimilator  
  93  9:40  Robotics Facility  
  93  9:42  Observer  
  93  9:43  Probe x2  
  93  9:44  Probe  
  97  9:58  Pylon  
  97  10:00  Pylon  
  97  10:04  Pylon  
  97  10:06  Disruptor (Chrono Boost)  
  100  10:16  Protoss Ground Weapons Level 2 (Chrono Boost)  
  100  10:18  Stalker x5  
  100  10:19  Stalker  
  112  10:28  Disruptor (Chrono Boost)  
  115  10:39  Disruptor (Chrono Boost)  
  118  10:45  Nexus  
  118  10:47  Pylon  
  118  10:54  Observer  
  118  10:59  Disruptor  
  118  11:01  Charge  
  121  11:10  Disruptor  
  123  11:19  Stalker x3  
  123  11:20  Stalker, Zealot  
  123  11:21  Zealot  
  123  11:23  Probe  
  123  11:24  Probe x2  
  138  11:26  Shield Battery  
  138  11:28  Photon Cannon  
  136  11:44  Disruptor  
  136  11:46  Disruptor  
  140  11:49  Gateway x2  
  140  11:55  Probe x3  
  143  12:03  Probe  
  143  12:07  Probe x3  
  145  12:17  Stalker x3  
  145  12:18  Stalker x3  
  145  12:20  Forge  
  157  12:24  Probe x4  
  157  12:26  Pylon  
  157  12:29  Dark Shrine  
  161  12:31  Observer x2  
  163  12:39  Probe x4  
  163  12:43  Pylon  
  167  12:44  Pylon  
  167  12:45  Pylon  
  159  13:11  Stalker x3  
  159  13:12  Stalker x5  
  159  13:13  Disruptor x2 (Chrono Boost)  
  157  13:34  Nexus  
  157  13:37  Zealot x8  
  157  13:38  Assimilator  
  157  13:39  Disruptor (Chrono Boost)  
  173  13:42  Assimilator  
  174  14:04  Zealot x8  
  172  14:25  Dark Templar x3  
  172  14:26  Zealot x5  
Tags
 
Add a new tag
Caveats
  • Supply blocks, unpowered buildings, or Contaminate may cause inaccurate times.
  • Supply counts are checked every 10 seconds.